cohdb
Replays
Latest Replays
All Replays
Popular Replays
Top Player Replays
Match Explorer
How It Works
Community
CoH3 Stats
Reddit
Sign in to upload your games and track your stats! →
Sign in with Steam
Match 42641083
Unlisted
Match 42641083
Overview
Messages
Build Orders
End
Selects Italian Combined Arms Battlegroup
Selects Bersaglieri Squad
Bersaglieri Squad
Panzergrenadier Squad
Bersaglieri Squad
Bersaglieri Squad
Construct Light Support Kompanie
Selects Bersaglieri Bolster
2.5-tonne Medical Truck
Fire Support Elements
Selects Breda Model 30 Light Machine Guns
Panzerjäger Mechanized Group
Construct Panzerarmee Kommand
Panzer III L Medium Tank
Veteran Squad Leaders
Emergency Repair Kits
Selects Semovente da 75/18 Assault Gun
Selects Strafing Run
Tungsten Core Ammunition
Strafing Run
Assault Mechanized Group
Selects Artillery Cover
B1t
SkyCurv
Ecompany1942
1789Lan1949
-=Wings=-
1Div MED
srubert83
ö
0
0
Comments
sign in to comment!
No comments posted yet!